 Dungeon Crawl Stone Soup version 0.29.1-12-g30fa7ad0bf (webtiles) character file.

Game seed: 17457948905157957780

18210 DildoBatman the Peltast (level 12, 0/91 HPs)
             Began as a Formicid Conjurer on Jan 4, 2023.
             Was a High Priest of Kikubaaqudgha.
             Slain by an orc warlord
             ... wielding a +3 battleaxe
              (2 damage)
             ... on level 12 of the Dungeon on Jan 5, 2023.
             The game lasted 00:51:58 (11492 turns).

DildoBatman the Peltast (Formicid Conjurer)        Turns: 11492, Time: 00:51:58

Health: 0/91       AC: 11    Str: 12    XL:     12   Next: 92%
Magic:  19/25      EV: 16    Int: 32    God:    Kikubaaqudgha [*****.]
Gold:   1193       SH: 18    Dex: 11    Spells: 14/29 levels left

rFire   . . .      SeeInvis +   a - +6 falchion (freeze)
rCold   . . .      Faith    .   k - +0 tower shield
rNeg    . . .      Spirit   .   Y - +0 steam dragon scales
rPois   +          Reflect  .   (helmet unavailable)
rElec   .          Harm     .   E - +2 cloak
rCorr   .          Rampage  .   (no gloves)
Will    +....      Clarity  +   D - +0 pair of boots
Stlth   ++........              m - amulet of magic regeneration
HPRegen 0.25/turn               K - +6 ring of intelligence
MPRegen 0.59/turn               e - +4 ring of evasion

@: no status effects
A: permanent stasis, dig shafts and tunnels, antennae 3, four strong arms,
clarity, clever 1, poison resistance
a: Dig, Shaft Self, Renounce Religion, Unearth Wretches, Torment


You were on level 12 of the Dungeon.
You worshipped Kikubaaqudgha.
Kikubaaqudgha was extremely pleased with you.
You visited 2 branches of the dungeon, and saw 13 of its levels.
You also visited: Sewer and Bailey.

You collected 1193 gold pieces.

Inventory:

Hand Weapons
 a - a +6 falchion of freezing (weapon)
 b - a +0 sling
 d - the +3 flail of Terra Nullius {speed, +Blink rC+}
   (You found it on level 2 of the Dungeon)

   Attacks with this weapon are significantly faster.
   rC:        It protects you from cold.
   +Blink:    It lets you blink.
Missiles
 q - 31 poisoned darts
 t - 2 atropa-tipped darts
 x - 13 throwing nets
 H - 5 boomerangs of dispersal
 U - 6 javelins
Armour
 k - a +0 tower shield (worn)
 D - a +0 pair of boots (worn)
 E - a +2 cloak (worn)
 M - a +0 troll leather armour
 S - a +1 robe of cold resistance
 Y - +0 steam dragon scales (worn)
Jewellery
 e - a +4 ring of evasion (right hand)
 l - a ring of poison resistance
 m - an amulet of magic regeneration (around neck)
 r - a +6 ring of intelligence
 y - the ring of Juuwem {Ice rN+ Int-3 Slay+2}
   (You found it on level 10 of the Dungeon)

   [ring of ice]

   It enhances your ice magic.
   Int:       It affects your intelligence (-3).
   Slay:      It affects your accuracy & damage with ranged weapons and melee
   (+2).
   rF:        It makes you vulnerable to fire.
   rC:        It protects you from cold.
   rN:        It protects you from negative energy.
 K - a +6 ring of intelligence (left hand)
Wands
 i - a wand of flame (3)
 L - a wand of roots (13)
 Q - a wand of light (15)
 R - a wand of paralysis (1) (quivered)
 V - a wand of mindburst (4)
Scrolls
 f - a scroll of enchant armour {unknown}
 n - 2 scrolls of silence {unknown}
 p - 3 scrolls of fear
 u - 4 scrolls of immolation
 A - 2 scrolls of butterflies {unknown}
 B - a scroll of summoning {unknown}
 I - 4 scrolls of magic mapping {unknown}
 N - a scroll of blinking {unknown}
 P - 4 scrolls of poison
 T - 2 scrolls of amnesia {unknown}
 W - a scroll of torment {unknown}
Potions
 c - 2 potions of brilliance {unknown}
 g - a potion of might {unknown}
 h - a potion of flight {unknown}
 j - 3 potions of mutation
 o - 3 potions of resistance
 s - 2 potions of cancellation {unknown}
 v - 7 potions of curing
 w - a potion of magic
 C - 2 potions of invisibility {unknown}
 F - 2 potions of ambrosia
 J - 3 potions of lignification {unknown}
 O - a potion of berserk rage
 X - a potion of degeneration {unknown}
 Z - 2 potions of heal wounds {unknown}
Miscellaneous
 G - a box of beasts


   Skills:
 * Level 7.0 Fighting
 * Level 7.0 Armour
 * Level 5.6 Dodging
 - Level 2.4 Stealth
 - Level 15.0 Shields
 * Level 9.1 Spellcasting
 - Level 5.0 Conjurations
 * Level 5.6 Necromancy
 - Level 3.0 Air Magic
 - Level 6.0 Poison Magic


You had 14 spell levels left.
You knew the following spells:

 Your Spells              Type           Power      Damage    Failure   Level
a - Searing Ray           Conj           92%        2d7       1%          2
c - Magic Dart            Conj           100%       1d8       1%          1
d - Vampiric Draining     Necr           50%        2d9       2%          3
e - Mephitic Cloud        Conj/Pois/Air  44%        N/A       4%          3
h - Dispel Undead         Necr           50%        3d19      9%          4
z - Sublimation of Blood  Necr           50%        N/A       1%          2

Your spell library contained the following spells:

 Spells                   Type           Power      Damage    Failure   Level
 Necrotise                Necr           100%       1d9       1%          1
 Animate Dead             Necr           50%        N/A       9%          4
 Dazzling Flash           Conj/Hex       60%        N/A       10%         3
 Ignite Poison            Fire/Tmut/Pois 27%        N/A       12%         3
 Corpse Rot               Necr/Pois/Air  45%        N/A       12%         4
 Scorch                   Fire           28%        2d6       14%         2
 Summon Guardian Golem    Hex/Summ       14%        N/A       26%         3
 Agony                    Necr           50%        N/A       26%         5
 Flame Wave               Conj/Fire      30%        2d9       32%         4
 Fulminant Prism          Conj/Hex       15%        3d11      32%         4
 Iskenderun's Mystic Bla  Conj/Tloc      30%        2d8       32%         4
 Freezing Cloud           Conj/Ice/Air   15%        6-21      63%         5
 Death Channel            Necr           25%        N/A       80%         6
 Simulacrum               Ice/Necr       16%        N/A       99%         6
 Summon Cactus Giant      Summ           7%         N/A       100%        6
 Orb of Destruction       Conj           23%        9d8       100%        7
 Spellforged Servitor     Conj/Summ      15%        N/A       100%        7


Dungeon Overview and Level Annotations

Branches:
Dungeon (12/15)            Temple (0/1) D:6            Lair (0/5) D:10
    Orc (1/2) D:12          Sewer (visited)          Bailey (visited)

Altars:
Ashenzari
Dithmenos
Kikubaaqudgha
Vehumet
Yredelemnul
The Shining One

Annotations:
D:3 3 runed translucent doors, bworf's ghost, amateur MiHu
D:8 2 transporters, grerr's ghost, novice FoFi
D:11 Gastronok
D:12 1 exclusion


Innate Abilities, Weirdness & Mutations

You cannot be hasted, slowed, berserked, paralysed or teleported.
You can dig through walls and to a lower floor.
You have a pair of large antennae on your head. (SInv)
Your four strong arms can wield two-handed weapons with a shield.
You possess an exceptional clarity of mind.
Your mind is acute. (Int +4, Str/Dex -1)
Your system is resistant to poisons. (rPois)


Message History

Casting: Mephitic Cloud (mildly dangerous; 4% risk of failure)
Confirm with . or Enter, or press ? or * to list all spells.
Aiming: Mephitic Cloud (mildly dangerous; 4% risk of failure)
Press: ? - help, Shift-Dir - straight line, f/p - orc warlord
Aim: an orc warlord, wielding a +3 battleaxe and wearing a +2 chain mail of positive energy (moderately wounded, chance to affect: 29%)
The ball explodes into a vile cloud!
The stinking cloud engulfs the orc warlord but does no damage.
The orc warlord is moderately wounded.
The stinking cloud engulfs you but does no damage.
The orc warlord is engulfed in noxious fumes.
You block the orc warlord's attack.
The orc warlord is engulfed in noxious fumes.
Casting: Mephitic Cloud (mildly dangerous; 4% risk of failure)
Confirm with . or Enter, or press ? or * to list all spells.
Aiming: Mephitic Cloud (mildly dangerous; 4% risk of failure)
Press: ? - help, Shift-Dir - straight line, f/p - orc warlord
Aim: an orc warlord, wielding a +3 battleaxe and wearing a +2 chain mail of positive energy (lightly wounded, chance to affect: 29%)
The ball explodes into a vile cloud!
The stinking cloud engulfs the orc warlord but does no damage.
The orc warlord is lightly wounded.
The stinking cloud engulfs you but does no damage.
The orc warlord is engulfed in noxious fumes.
The orc warlord hits you with a +3 battleaxe!!!
The orc warlord attacks as you move away!
The orc warlord hits you but does no damage.
The orc warlord is engulfed in noxious fumes.
The orc warlord is engulfed in noxious fumes.
Casting: Mephitic Cloud (mildly dangerous; 4% risk of failure)
Confirm with . or Enter, or press ? or * to list all spells.
Aiming: Mephitic Cloud (mildly dangerous; 4% risk of failure)
Press: ? - help, Shift-Dir - straight line, f/p - orc warlord
Aim: an orc warlord, wielding a +3 battleaxe and wearing a +2 chain mail of positive energy (lightly wounded, chance to affect: 29%)
The ball explodes into a vile cloud!
The stinking cloud engulfs the orc warlord but does no damage.
The orc warlord is lightly wounded.
The stinking cloud engulfs you but does no damage.
The orc warlord is engulfed in noxious fumes.
The orc warlord hits you with a +3 battleaxe.
You die...
Kikubaaqudgha rasps: "You have failed me!
Welcome... death!"

####..#....#.#.#.[[#..........###
...#..#....#.####'##..........#
...#..#....#..##8.8##.........#
...#..#....#.##.#○#.##........#
...#..#....#####°☼...##.......#
...#..#....####○°○....#######.#
...#..#...##...○○§.....## #.#
...#.)#####....§o.......## #.#
...#.....##)...§@§.....#.# #.#
...#.....##..#'##..###.######.#
...#)###.'....................###
...)##.#.#.......................
.......#.#.......................
.......#'#.......................
.................................
.................................
........................#####....


You could see an orc warlord.

Vanquished Creatures
  3 boulder beetles
  A two-headed ogre (D:11)
  Amaemon (D:9)
  Pikel (D:4)
  A cyclops (D:11)
  An ugly thing (D:11)
  An orange demon (D:9)
  2 unseen horrors (D:12)
  2 kobold demonologists
  2 gargoyles
  A hornet (D:6)
  3 trolls
  Grinder (D:3)
  7 slime creatures
  A shadow (D:9)
  A wyvern (D:10)
  4 yaks (D:8)
  2 wraiths (D:12)
  Grum (Bailey)
  A basilisk (D:11)
  2 steam dragons (D:9)
  2 wargs (Orc:1)
  4 vampire mosquitoes (D:12)
  Edmund (D:3)
  2 acid dragons
  An ice beast (D:8)
  2 sky beasts (D:7)
  A black bear (D:6)
  15 orc warriors
  7 ogres
  A centaur (D:8)
  5 wolves (Bailey)
  A lemure (D:4)
  2 kobold brigands (D:10)
  A necrophage (D:8)
  3 bullfrogs
  11 gnoll sergeants
  3 scorpions
  13 wights
  A killer bee (D:9)
  An electric eel (D:9)
  5 howler monkeys
  9 gnoll boudas
  5 hounds
  8 orc priests
  20 orc wizards
  Ijyb (D:3)
  3 iguanas
  Robin (D:3)
  16 adders
  38 gnolls
  5 river rats
  2 white imps (D:6)
  An ufetubus (D:7)
  3 worms
  64 orcs
  13 ball pythons
  7 endoplasms
  3 giant cockroaches
  20 goblins
  8 hobgoblins
  4 jackals (D:2)
  7 quokkas
  4 bats
  6 frilled lizards
  10 kobolds
  26 rats
405 creatures vanquished.

Vanquished Creatures (others)
  12 plants (D:4)
  A withered plant (D:5)
13 creatures vanquished.

Grand Total: 418 creatures vanquished

Notes
Turn   | Place    | Note
-------+----------+-------------------------------------------
     0 | D:1      | DildoBatman the Formicid Conjurer began the quest for the
                  | Orb.
     0 | D:1      | Reached XP level 1. HP: 13/13 MP: 3/3
   299 | D:1      | Reached XP level 2. HP: 18/20 MP: 0/5
   302 | D:1      | Learned a level 2 spell: Searing Ray
   549 | D:1      | Found a faded altar of an unknown god.
   970 | D:2      | Reached skill level 1 in Fighting
   970 | D:2      | Reached skill level 1 in Armour
   970 | D:2      | Reached XP level 3. HP: 26/26 MP: 2/6
  1184 | D:2      | Found an ancient bone altar of Kikubaaqudgha.
  1192 | D:2      | Became a worshipper of Kikubaaqudgha
  1224 | D:2      | Identified the +3 flail of Terra Nullius {speed, +Blink
                  | rC+}
  1245 | D:2      | Reached XP level 4. HP: 32/32 MP: 6/8
  1411 | D:3      | Noticed Ijyb
  1417 | D:3      | Killed Ijyb
  1421 | D:3      | Identified the -2 helmet of the Blind Marksman {Rampage
                  | rPois Str+4 Stlth+}
  1421 | D:3      | Noticed Robin
  1450 | D:3      | Killed Robin
  1451 | D:3      | Reached XP level 5. HP: 28/38 MP: 1/9
  1577 | D:3      | Found a runed translucent gate.
  1577 | D:3      | Noticed bworf's ghost (amateur MiHu)
  1578 | D:3      | Found a runed translucent gate.
  1579 | D:3      | Found a runed translucent gate.
  1582 | D:3      | Identified the +0 sling "Duneecos" {flame, rPois rN+}
  1626 | D:3      | Reached * piety under Kikubaaqudgha
  1626 | D:3      | Received a gift from Kikubaaqudgha
  1636 | D:3      | Learned a level 2 spell: Sublimation of Blood
  1640 | D:3      | Learned a level 3 spell: Vampiric Draining
  1744 | D:3      | Noticed Grinder
  1751 | D:3      | Killed Grinder
  1752 | D:3      | Reached XP level 6. HP: 47/47 MP: 4/12
  1752 | D:3      | Found a glowing drain.
  1766 | Sewer    | Entered a sewer
  1791 | Sewer    | Reached XP level 7. HP: 52/52 MP: 6/13
  1937 | Sewer    | Reached ** piety under Kikubaaqudgha
  1952 | Sewer    | Reached skill level 5 in Conjurations
  2030 | Sewer    | Reached skill level 5 in Spellcasting
  2260 | D:4      | Reached XP level 8. HP: 58/58 MP: 8/17
  2398 | D:4      | Noticed Edmund
  2459 | D:3      | Killed Edmund
  2460 | D:3      | Reached skill level 1 in Shields
  2495 | D:4      | Learned a level 3 spell: Mephitic Cloud
  2525 | D:4      | Reached skill level 2 in Shields
  2672 | D:4      | Noticed Pikel
  2683 | D:4      | Killed Pikel
  2684 | D:4      | Reached skill level 7 in Shields
  2760 | D:4      | Reached XP level 9. HP: 52/63 MP: 17/19
  2865 | D:4      | Reached skill level 8 in Shields
  2990 | D:5      | Entered Level 5 of the Dungeon
  3039 | D:5      | You fall into a shaft and drop 3 floors!
  3039 | D:8      | Found a transporter.
  3047 | D:8      | Found a transporter.
  3058 | D:8      | Found a transporter.
  3059 | D:8      | Found a transporter.
  3060 | D:8      | Noticed grerr's ghost (novice FoFi)
  3065 | D:7      | Reached *** piety under Kikubaaqudgha
  3065 | D:7      | Received a gift from Kikubaaqudgha
  3083 | D:7      | Reached skill level 9 in Shields
  3145 | D:7      | Reached skill level 10 in Shields
  3348 | D:7      | Reached skill level 11 in Shields
  3414 | D:7      | Found a flagged portal.
  3502 | Bailey   | Entered a bailey
  3622 | Bailey   | Reached **** piety under Kikubaaqudgha
  3655 | Bailey   | Reached skill level 12 in Shields
  3756 | Bailey   | Reached XP level 10. HP: 68/70 MP: 12/20
  3776 | Bailey   | Reached skill level 1 in Poison Magic
  3783 | Bailey   | Reached skill level 1 in Air Magic
  3950 | Bailey   | Noticed Grum
  3958 | Bailey   | Killed Grum
  3959 | Bailey   | Reached skill level 13 in Shields
  4641 | D:5      | Found a basalt altar of Yredelemnul.
  5219 | D:6      | Reached skill level 5 in Poison Magic
  5630 | D:6      | Found a staircase to the Ecumenical Temple.
  6205 | D:8      | Reached skill level 14 in Shields
  6246 | D:8      | Found a transporter.
  6279 | D:8      | Reached XP level 11. HP: 75/75 MP: 14/21
  6297 | D:8      | Found a transporter.
  6435 | D:8      | Reached ***** piety under Kikubaaqudgha
  6455 | D:8      | Reached skill level 15 in Shields
  6460 | D:8      | Learned a level 4 spell: Dispel Undead
  6588 | D:8      | Found a glowing golden altar of the Shining One.
  6709 | D:9      | Found a shadowy altar of Dithmenos.
  6828 | D:9      | Noticed Amaemon
  6877 | D:9      | Killed Amaemon
  6878 | D:9      | Reached skill level 1 in Necromancy
  7070 | D:9      | Found an ancient bone altar of Kikubaaqudgha.
  7453 | D:9      | Found a radiant altar of Vehumet.
  7588 | D:10     | Entered Level 10 of the Dungeon
  7588 | D:10     | Found a staircase to the Lair.
  7644 | D:10     | Found a broken altar of Ashenzari.
  7668 | D:10     | Noticed a boulder beetle
  7679 | D:10     | Identified the ring of Juuwem {Ice rN+ Int-3 Slay+2}
  7720 | D:10     | Killed a boulder beetle
  8043 | D:10     | Noticed a boulder beetle
  8160 | D:10     | Killed a boulder beetle
  8161 | D:10     | Reached skill level 5 in Fighting
  8161 | D:10     | Reached skill level 5 in Armour
  8422 | D:11     | Noticed a brown ugly thing
  8446 | D:11     | Killed a brown ugly thing
  8568 | D:11     | Noticed a cyclops
  8584 | D:11     | Killed a cyclops
  8585 | D:11     | Reached XP level 12. HP: 74/86 MP: 24/24
  8619 | D:11     | Gained mutation: You are dopey. (Int -2) [potion of
                  | mutation]
  8619 | D:11     | Gained mutation: You occasionally lose the ability to drink
                  | potions when taking damage. [potion of mutation]
  8619 | D:11     | Gained mutation: You have large cloven feet. [potion of
                  | mutation]
  8619 | D:11     | Gained mutation: Your system is resistant to poisons.
                  | (rPois) [potion of mutation]
  8620 | D:11     | Lost mutation: You have large cloven feet. [potion of
                  | mutation]
  8620 | D:11     | Lost mutation: You are dopey. (Int -2) [potion of mutation]
  8620 | D:11     | Lost mutation: You occasionally lose the ability to drink
                  | potions when taking damage. [potion of mutation]
  8620 | D:11     | Gained mutation: Your mind is acute. (Int +4, Str/Dex -1)
                  | [potion of mutation]
  8620 | D:11     | Gained mutation: You possess an exceptional clarity of
                  | mind. [potion of mutation]
  8871 | D:11     | Noticed Gastronok
  9045 | D:11     | Noticed a two-headed ogre
  9065 | D:11     | Killed a two-headed ogre
 10070 | D:12     | Noticed a boulder beetle
 10098 | D:12     | Killed a boulder beetle
 10099 | D:12     | Reached skill level 5 in Dodging
 10136 | D:12     | Found a staircase to the Orcish Mines.
 10142 | Orc:1    | Entered Level 1 of the Orcish Mines
 10440 | Orc:1    | Noticed an orc warlord
 10451 | Orc:1    | Reached skill level 5 in Necromancy
 11446 | Orc:1    | Noticed an orc warlord
 11489 | D:12     | HP: 1/91 [orc warlord/+3 battleaxe (36)]
 11492 | D:12     | Slain by an orc warlord

Illustrated notes

Levels and vault maps discovered:
D:1:      beargit_arrival_diablo_church, layout_loops_corners,
          dreamdust_ecumenical_altar_statues
D:2:      layout_rooms, basic_altar, corexii_leaking_fountain,
          minmay_tetromino_t4
D:3:      layout_rooms, biasface_ghost_orc_armoury, portal_sewer_entry_a,
          uniq_robin, uniq_ijyb, uniq_grinder
D:4:      layout_basic, guppyfry_early_lair_pool, uniq_pikel, uniq_edmund
D:5:      layout_basic, yredelemnul_altar_generic
D:6:      layout_gridville, temple_statues
D:7:      hellmonk_crumbling_castle, layout_loops_ring, enter_bailey_3
D:8:      layout_rooms, tso_altar, gammafunk_ghost_hive,
          nicolae_transporter_intersection
D:9:      layout_roguey, mainiacjoe_overflow_surrounded_room,
          mainiacjoe_overflow_24_doors, lemuel_round_altar,
          minmay_misc_feat_enclosed, amcnicky_mini_pool_medium, uniq_amaemon
D:10:     layout_loops_ring, mainiacjoe_overflow_paths, lair_entry_dummy
D:11:     layout_loops_cross, kennysheep_generic_room_13, uniq_gastronok
D:12:     layout_irregular_city, hiddenorc1_lemuel
Orc:1:    layout_caves

Skill      XL: |  1  2  3  4  5  6  7  8  9 10 11 12 |
---------------+-------------------------------------+-----
Dodging        | 2 4 5 |  5.6
Fighting       | 1 2 3 5 7 |  7.0
Armour         | 1 2 3 5 7 |  7.0
Conjurations   | 4 5 |  5.0
Spellcasting   | 3 4 6 7 8 9 |  9.1
Shields        | 7 12 14 15 | 15.0
Poison Magic   | 6 |  6.0
Air Magic      | 3 |  3.0
Necromancy     | 3 5 |  5.6
Stealth        | |  2.4

Action                   |  1- 3 |  4- 6 |  7- 9 | 10-12 || total
-------------------------+-------+-------+-------+-------++-------
Melee: Dagger            |    19 |       |       |       ||    19
       Punch             |     2 |       |       |       ||     2
       Spear             |     2 |       |       |       ||     2
       Flail             |       |     4 |    12 |       ||    16
       Falchion          |       |       |       |   250 ||   250
 Cast: Magic Dart        |    35 |    40 |   111 |    61 ||   247
       Searing Ray       |     4 |    14 |    84 |   113 ||   215
       Mephitic Cloud    |       |       |     8 |    90 ||    98
       Vampiric Draining |       |       |       |   116 ||   116
       Dispel Undead     |       |       |       |     6 ||     6
 Abil: Dig               |       |       |       |     4 ||     4
Evoke: Wand              |       |       |       |     1 ||     1
  Use: Scroll            |       |       |     8 |     6 ||    14
       Potion            |       |       |     1 |     2 ||     3
 Stab: Sleeping          |     4 |       |       |       ||     4
       Paralysed         |       |       |       |     7 ||     7
       Confused          |       |       |       |    14 ||    14
Armor: Robe              |     4 |     1 |       |       ||     5
       Animal skin       |       |     3 |    19 |    10 ||    32
       Skin              |       |       |     5 |       ||     5
       Steam dragon scal |       |       |       |    55 ||    55
Dodge: Dodged            |    14 |    17 |    42 |   182 ||   255
Block: Tower shield      |       |       |    33 |   468 ||   501
